 Dungeon Crawl Stone Soup version 0.27.1 (webtiles) character file.

Game seed: 5612157175929822812

0 Atelerd the Digger (level 1, 11/11 HPs)
             Began as an Octopode Earth Elementalist on Aug 30, 2021.
             Was a Believer of Lugonu.
             Got out of the dungeon alive.
             The game lasted 00:00:25 (88 turns).

Atelerd the Digger (Octopode Earth Elementalist)      Turns: 88, Time: 00:00:26

Health: 11/11      AC:  1    Str:  7    XL:     1   Next: 10%
Magic:  3/3        EV: 13    Int: 17    God:    Lugonu [**....]
Gold:   0          SH:  0    Dex: 12    Spells: 3/4 levels left

rFire    . . .     SeeInvis .   (no weapon)
rCold    . . .     Faith    .   (no shield)
rNeg     . . .     Spirit   .   (helmet restricted)
rPois    .         Reflect  .   (no amulet)
rElec    .         Harm     .   (no ring)
rCorr    .         Rampage  .   (no ring)
Will     .....                  (no ring)
Stlth    +++.......             (no ring)
HPRegen  0.03/turn              (no ring)
MPRegen  0.08/turn              (no ring)
                                (no ring)
                                (no ring)

@: no status effects
A: almost no armour, amphibious, 8 rings, camouflage 1, gelatinous body 1,
(nimble swimmer 1), tentacles
a: Renounce Religion, Depart the Abyss, Bend Space


You escaped.
You worshipped Lugonu.
Lugonu was pleased with you.
You visited 1 branch of the dungeon, and saw 1 of its levels.

Inventory:

Missiles
 b - 29 stones
Jewellery
 a - a ring of wizardry


   Skills:
 - Level 2.0 Dodging
 - Level 2.6 Stealth
 * Level 2.0 Spellcasting
 + Level 1.0 Transmutations
 - Level 3.0 Earth Magic


You had 3 spell levels left.
You knew the following spells:

 Your Spells              Type           Power      Damage    Failure   Level
a - Sandblast             Erth           22%        2d7       5%          1

Your spell library contained the following spells:

 Spells                   Type           Power      Damage    Failure   Level
 Passwall                 Tmut/Erth      6%         N/A       13%         2
 Stone Arrow              Conj/Erth      12%        3d7       30%         3
 Petrify                  Tmut/Erth      8%         N/A       63%         4


Dungeon Overview and Level Annotations

Branches:
Dungeon (1/15)

Altars:
Lugonu


Innate Abilities, Weirdness & Mutations

You cannot wear most types of armour.
You are amphibious.
You can wear up to eight rings at the same time.
Your skin changes colour to match your surroundings (Stealth+).
Your rubbery body absorbs attacks. (AC +1, EV +1)
((You are camouflaged near water. (Stealth+)))
You have tentacles for arms and can constrict up to eight enemies at once.


Message History

You add the spells Sandblast, Passwall, Stone Arrow and Petrify to your library.
Welcome, Atelerd the Octopode Earth Elementalist.
The bosom of this dungeon contains the fabulous artefact, the Orb of Zot.
Press ? for a list of commands and other information.
Found a staircase leading out of the dungeon.
Found a club.
Found a faded altar of an unknown god.
A frilled lizard comes into view.
The frilled lizard hisses angrily.
Casting: Sandblast (safe; 5% risk of failure)
Confirm with . or Enter, or press ? or * to list all spells.
Aiming: Sandblast (safe; 5% risk of failure)
Press: ? - help, Shift-Dir - straight line, f - frilled lizard
Aim: a frilled lizard (66% to hit)
The blast of sand hits the frilled lizard!
You kill the frilled lizard!
Casting: Sandblast (safe; 5% risk of failure)
Confirm with . or Enter, or press ? or * to list all spells.
You can't see any susceptible monsters within range! (Use Z to cast anyway.) Unknown command.
Magic restored.
Found a shiny golden ring.
a - a ring of wizardry
Found a scroll labelled SAIB ATILAMEO.
There is a faded altar of an unknown god here.
You cannot tell which god this altar belongs to.
Convert to them anyway?
Okay, then.
You cannot tell which god this altar belongs to.
Convert to them anyway?
Lugonu accepts your prayer! Lugonu welcomes you!
You can now depart the Abyss.
You can now bend space around yourself.
There is a staircase leading out of the dungeon here.
Are you sure you want to leave the Dungeon?
This will make you lose the game!
You have escaped!

#.........#
#.........#
#.........#
#...♣.....#..
#....8....#.#
#.........#.#
##.........#.#
.......@...#.#
...........#.#
...........#.#
..######...#.#####
. +............^.#
#.#.....8#.###.# #
###..........#
#.#.8†8...8.####
#.##..._)...#


There were no monsters in sight!

Vanquished Creatures
  A frilled lizard (D:1)
1 creature vanquished.

Notes
Turn   | Place    | Note
-------+----------+-------------------------------------------
     0 | D:1      | Atelerd the Octopode Earth Elementalist began the quest for
                  | the Orb.
     0 | D:1      | Reached XP level 1. HP: 11/11 MP: 3/3
     0 | D:1      | Found a faded altar of an unknown god.
    76 | D:1      | Became a worshipper of Lugonu the Unformed
    76 | D:1      | Reached * piety under Lugonu
    76 | D:1      | Reached ** piety under Lugonu
    88 | D:$      | Got out of the dungeon alive.

Illustrated notes

Levels and vault maps discovered:
D:1:      wander_arrival_lonely_grave, layout_basic,
          ebering_ecumenical_altar_ruins

Action                   || total
-------------------------++-------
 Cast: Sandblast         ||     1
